 Dungeon Crawl Stone Soup version 0.22.1-6-g1668fe2c40 (webtiles) character file.

393 Ihlosi the Cudgeler (level 7, -4/43 HPs)
             Began as a Kobold Fighter on Jan 27, 2019.
             Slain by an ogre
             ... wielding a +0 giant spiked club
              (16 damage)
             ... on level 6 of the Dungeon.
             The game lasted 00:10:20 (4250 turns).

Ihlosi the Cudgeler (Kobold Fighter)                Turns: 4250, Time: 00:10:20

Health: -4/43      AC:  9    Str: 15    XL:     7   Next: 8%
Magic:  7/7        EV: 10    Int: 10    God:
Gold:   329        SH: 10    Dex: 19    Spells: 6/6 levels left

rFire    . . .     SeeInvis .   a - +1 flail
rCold    . . .     Gourm    .   c - +0 shield
rNeg     . . .     Faith    .   b - +0 scale mail
rPois    .         Spirit   .   (no helmet)
rElec    .         Reflect  .   u - +0 cloak
rCorr    .         Harm     .   (no gloves)
MR       +....                  B - +0 pair of boots
Stlth    ..........             (no amulet)
HPRegen  0.14/turn              w - ring of protection from magic
MPRegen  0.10/turn              t - +5 ring of dexterity

@: no status effects
A: small, carnivore
a: no special abilities


You were on level 6 of the Dungeon.
You were completely stuffed.

You visited 1 branch of the dungeon, and saw 6 of its levels.

You collected 329 gold pieces.

Inventory:

Hand Weapons
 a - a +1 flail (weapon)
Missiles
 x - 6 curare-tipped needles
 A - 7 needles of confusion
 C - 9 poisoned needles
 F - 30 bolts
Armour
 b - a +0 scale mail (worn)
 c - a +0 shield (worn)
 u - a +0 cloak (worn)
 B - a +0 pair of boots (worn)
Magical Staves
 n - an uncursed staff of wizardry {unknown}
Jewellery
 e - an uncursed ring of positive energy
 q - an uncursed ring of protection from cold
 r - a +2 ring of strength
 t - a +5 ring of dexterity (right hand)
 w - a ring of protection from magic (left hand)
 y - an uncursed ring of magical power
Wands
 j - a wand of random effects (16)
Scrolls
 h - a scroll of acquirement {unknown}
 i - 2 scrolls of remove curse
 o - 3 scrolls of teleportation
 s - a scroll of blinking
Potions
 d - 2 potions of might
 g - a potion of invisibility
 k - 3 potions of curing
 m - 2 potions of agility
 v - a potion of flight {unknown}
 D - a potion of brilliance {unknown}
 E - a potion of mutation {unknown}
 H - a potion of cancellation {unknown}
Comestibles
 f - 7 rations


   Skills:
 * Level 4.1 Fighting
 * Level 4.9 Maces & Flails
 - Level 3.0 Armour
 * Level 2.1 Dodging
 + Level 0.2 Stealth
 - Level 3.0 Shields


You had 6 spell levels left.
You didn't know any spells.
Your spell library contained the following spells:

 Spells                   Type           Power        Failure   Level  Hunger
 Animate Skeleton         Necr           N/A          100%        1    ##.....
 Flame Tongue             Conj/Fire      #....        100%        1    ##.....
 Pain                     Necr           #...         100%        1    ##.....
 Throw Flame              Conj/Fire      #.....       100%        2    ###....
 Conjure Flame            Conj/Fire      #.......     100%        3    ####...
 Inner Flame              Hex/Fire       #.......     100%        3    ####...
 Regeneration             Chrm/Necr      #.........   100%        3    ####...
 Vampiric Draining        Necr           #.........   100%        3    ####...
 Animate Dead             Necr           N/A          100%        4    #####..
 Sticky Flame             Conj/Fire      #.......     100%        4    #####..
 Fireball                 Conj/Fire      #.........   100%        5    ######.


Dungeon Overview and Level Annotations

Branches:
Dungeon (6/15)
 Temple: D:4-7

Altars:
Ashenzari
Hepliaklqana

Annotations:
D:2 Sigmund
D:4 unfinished


Innate Abilities, Weirdness & Mutations

You are small and have problems with some larger weapons.
You are carnivorous and can eat meat at any time.


Message History

The ogre is heavily wounded.
You block the ogre's attack.
You hit the ogre.
The ogre is severely wounded.
You block the ogre's attack.
You hit the ogre.
The ogre is almost dead.
The ogre hits you with a giant spiked club!
* * * LOW HITPOINT WARNING * * *
You completely miss the ogre.
The ogre is almost dead.
The ogre closely misses you.
All of the chunks of flesh in your inventory have rotted away.
Evoke which item? (* to show all) (? for menu, Esc to quit)
Aiming: Random Effects
Press: ? - help, Shift-Dir - straight line, f/p - ogre
Aim: an ogre, wielding a giant spiked club (almost dead)
The ogre looks slightly unstable.
The ogre hits you with a giant spiked club!
You die...

... ........####..####
...##......$..#.......
#..#.................
#.................##
#.........>........
..###..........%......#
.........[.............
#..@O..........###
#.........#......# #.#
##..<.###....###.# #####.#
#...((##......#
.....######.....##.#....##.#
##.................#.......#
#....#...........##......#...
#..#....##....<.....##.# ..#
##.........#[...##.## .....#


You could see an ogre.

Vanquished Creatures
  A howler monkey (D:5)
  A bullfrog zombie (D:6)
  2 hounds
  An iguana (D:5)
  An orc wizard (D:6)
  2 worker ants
  A hound zombie (D:5)
  5 adders
  3 dart slugs
  3 leopard geckos
  9 orcs
  2 ball pythons
  8 bats
  4 giant cockroaches
  8 goblins
  10 hobgoblins
  5 jackals
  7 kobolds
  A quokka (D:5)
  6 frilled lizards
  11 rats
91 creatures vanquished.

Vanquished Creatures (others)
  An ice beast (D:6)
1 creature vanquished.

Grand Total: 92 creatures vanquished

Notes
Turn   | Place    | Note
-------+----------+-------------------------------------------
     0 | D:1      | Ihlosi the Kobold Fighter began the quest for the Orb.
     0 | D:1      | Reached XP level 1. HP: 14/14 MP: 1/1
   328 | D:1      | Reached XP level 2. HP: 17/19 MP: 2/2
   705 | D:1      | Reached XP level 3. HP: 19/23 MP: 3/3
  1110 | D:1      | Reached skill level 1 in Dodging
  1175 | D:2      | Reached XP level 4. HP: 26/28 MP: 4/4
  1258 | D:2      | Found a shattered altar of Ashenzari.
  1527 | D:2      | Noticed Sigmund
  1871 | D:3      | Found a hazy altar of Hepliaklqana.
  2261 | D:4      | Reached XP level 5. HP: 32/33 MP: 5/5
  3092 | D:4      | Noticed an ogre
  3117 | D:5      | Entered Level 5 of the Dungeon
  3233 | D:5      | Reached XP level 6. HP: 28/38 MP: 6/6
  3873 | D:6      | Noticed an ogre
  4174 | D:6      | Killed an ice beast
  4176 | D:6      | Reached XP level 7. HP: 39/43 MP: 7/7
  4250 | D:6      | Slain by an ogre

Skill      XL: |  1  2  3  4  5  6 |
---------------+-------------------+-----
Maces & Flails | 2 3 4 |  4.9
Dodging        | 1 2 |  2.1
Shields        | 3 |  3.0
Armour         | 3 |  3.0
Fighting       | 4 |  4.1
Stealth        | |  0.2

Action                   |  1- 3 |  4- 6 |  7- 9 || total
-------------------------+-------+-------+-------++-------
Melee: Flail             |   130 |   234 |    18 ||   382
Evoke: Wand              |       |       |     4 ||     4
  Use: Scroll            |       |    15 |       ||    15
  Eat: Chunk             |     9 |    10 |     1 ||    20
Armor: Scale mail        |    46 |    83 |     3 ||   132
Dodge: Dodged            |    49 |   104 |    12 ||   165
Block: Shield            |    77 |   146 |    11 ||   234
